Unix NetHack Version 5.0.0-0 post-release - last build Jul 14 2026 02:55:29 (1809b74e8187c3a3585e283601c3028b46cbbdcb,branch:main).

Game began 2026-07-12 03:33:25, ended 2026-07-14 21:21:08.

Jamofthetoe, lawful female dwarven Valkyrie

                        ....
                       -.{...-
                    .....[...|
                    ...-%---g|
                    .......|@|
                     ..---.|V|----------
                             |.....^...|
                             |.........|
                             |....<....|
                             |........+|
                             |........^|
                             -----------

Jamofthetoe the Fighter     St:12 Dx:10 Co:18 In:10 Wi:11 Ch:10  Lawful
Dlvl:10 $:236 HP:0(67) Pw:8(8) AC:0  Xp:6 T:3278  Burdened

Latest messages:
 The vampire bat bites again!
 The vampire bat's bite was poisoned!
 What do you want to drink? [hmnIOPW or ?*] ?
 You feel much better.
 The vampire bat bites!
 The vampire bat bites again!
 What do you want to drink? [hmnIPW or ?*] ?
 Never mind.
 You hit the vampire bat.
 The vampire bat bites!
 The vampire bat just misses!
 The vampire bat bites!
 The vampire bat bites again!
 You hit the vampire bat!
 The vampire bat bites!
 The vampire bat bites again!
 The vampire bat misses!
 The vampire bat bites!
 What do you want to zap? [etvGKLQXY or ?*] ?
 In what direction? 2
 The wand hits the vampire bat!
 You kill the vampire bat!
 The seemingly dead vampire bat suddenly transforms and rises as a vampire!
 The vampire hits!
 The vampire bites!
 What do you want to zap? [etvGKLQXY or ?*] ?
 In what direction? 2
 The vampire hits!
 The vampire bites!
 The vampire just misses!
 The vampire bites!
 Farvel level 8.
 Pick a monster, object or location.
 What do you want to zap? [etvGKLQXY or ?*] ?
 In what direction? 2
 The bolt of fire hits the vampire!
 The gargoyle misses!
 The gargoyle hits!
 The gargoyle misses!
 The vampire hits!
 The vampire bites!
 Farvel level 7.
 You feel slow!
 Are you sure you want to pray? [yn] (n) y
 You begin praying to Tyr.
 The gargoyle hits!
 You die...
 Do you want your possessions identified? [ynq] (y) y
 Do you want to see your attributes? [ynq] (y) y
 Do you want an account of creatures vanquished? [ynaq] (y) q

Inventory:
 Coins    ('$')
  $ - 236 gold pieces
 Weapons  (')')
  i - 8 +0 crossbow bolts
  x - 5 +0 darts
  b - a +0 dagger (at the ready)
  a - a +1 dwarvish spear (weapon in right hand)
 Armor    ('[')
  C - an uncursed +0 pair of iron shoes (being worn)
  c - an uncursed +4 small shield (being worn)
  D - an uncursed +0 dwarvish cloak (being worn)
  N - an uncursed +0 ring mail (being worn)
 Comestibles  ('%')
  d - an uncursed food ration
  r - an uncursed lembas wafer
  g - 3 uncursed lichen corpses
 Scrolls  ('?')
  s - an uncursed scroll of charging
  R - a cursed scroll of charging
  f - a cursed scroll of confuse monster
  J - a cursed scroll of create monster
  w - an uncursed scroll of destroy armor
  l - an uncursed scroll of light
  A - an uncursed scroll of magic mapping
  k - 2 blessed scrolls of remove curse
 Potions  ('!')
  h - 2 uncursed potions of extra healing
  n - a blessed potion of fruit juice
  m - an uncursed potion of healing
  P - a cursed potion of healing
  I - a cursed potion of invisibility
  W - an uncursed potion of oil
 Rings    ('=')
  z - an uncursed ring of see invisible
  y - an uncursed ring of slow digestion
  E - an uncursed ring of warning
 Wands    ('/')
  e - a wand of digging (0:6)
  G - a wand of fire (0:2)
  X - a wand of light (0:11)
  v - a wand of nothing (0:11)
  t - a wand of opening (0:5)
  L - a wand of striking (0:6)
  Y - a wand of striking (0:4)
  Q - a wand of striking (0:1)
  K - a wand of undead turning (0:4)
 Tools    ('(')
  H - an uncursed tooled horn
  B - an uncursed blindfold
  p - a crystal ball (0:6)
  o - an uncursed oil lamp
  j - a +0 pick-axe
  S - an uncursed skeleton key
  u - an uncursed stethoscope
  V - 16 uncursed tallow candles
  U - 7 blessed wax candles
 Gems/Stones  ('*')
  M - 3 uncursed emeralds

Jamofthetoe the Valkyrie's attributes:

Background:
 You were a Fighter, a level 6 dwarven Valkyrie.
 You were lawful, on a mission for Tyr
 who was opposed by Odin (neutral) and Loki (chaotic).
 You were right-handed.
 You were in the Gnomish Mines, on level 10.
 You entered the dungeon 3278 turns ago.
 There was a new moon in effect when your adventure ended.
 You had 639 experience points, 1 more was needed to attain level 7.

Basics:
 You had 0 out of 67 hit points.
 You had all 8 energy points (spell power).
 Your armor class was 0.
 Your wallet contained 236 zorkmids.
 Autopickup was on for '$"?!=/(' plus thrown, with exceptions.

Final Characteristics:
 Your strength was 12 (peak:17, limit:18/100).
 Your dexterity was 10 (limit:20).
 Your constitution was 18 (limit:20).
 Your intelligence was 10 (limit:16).
 Your wisdom was 11 (limit:16).
 Your charisma was 10 (limit:16).

Final Status:
 You weren't hungry.
 You were burdened; movement was slightly slowed.
 You were wielding a spear.
 You had basic skill with spear and could have enhanced that.

Final Attributes:
 You were piously aligned.
 Your items were somewhat protected from fire.
 You were cold resistant.
 Your items were somewhat protected from cold.
 You had infravision.
 You were stealthy.
 You were warded.
 You were very unlucky.
 You are dead.

Miscellaneous:
 You didn't encounter any bones levels.
 Total elapsed playing time was 2 hours, 21 minutes and 11 seconds.

Major events:
 Turn
    1: Jamofthetoe the lawful dwarven Valkyrie entered the dungeon
  770: entered the Gnomish Mines
  955: attained the rank of Skirmisher (level 3)
 1315: reached Mine Town
 1668: killed Pakka Pakka, the general store proprietrix
 1668: attained the rank of Fighter (level 6)
 1706: killed Izchak, the lighting store proprietor
 1756: killed Cubask, the hardware store proprietor
 1808: killed Sarangan, the delicatessen proprietrix
 3278: killed by a gargoyle, while praying

You didn't know any spells.

Skills:
 Fighting Skills
   bare handed combat [Unskilled]
   two weapon combat  [Unskilled]
   riding             [Unskilled]
 Weapon Skills
   dagger             [Basic]
   axe                [Unskilled]
   pick-axe           [Unskilled]
   short sword        [Unskilled]
   broadsword         [Unskilled]
   long sword         [Unskilled]
   two-handed sword   [Unskilled]
   saber              [Unskilled]
   hammer             [Unskilled]
   quarterstaff       [Unskilled]
   polearms           [Unskilled]
   spear              [Basic]
   trident            [Unskilled]
   lance              [Unskilled]
   sling              [Unskilled]
 Spellcasting Skills
   attack spells      [Unskilled]
   escape spells      [Unskilled]

Voluntary challenges:
 Character rerolling was not enabled.
 You never genocided any monsters.
 You never polymorphed an object.
 You used no wishes.
Achievements:
 You entered the Gnomish Mines.
 You attained the rank of Skirmisher.
 You entered Minetown.
 You entered a shop.
 You entered a temple.
 You attained the rank of Fighter.

 The Dungeons of Doom: levels 1 to 3
    Level 1:
    Level 2:
       Some fountains.
       Stairs down to The Gnomish Mines.
    Level 3:
 The Gnomish Mines: levels 3 to 10
    Level 3:
    Level 4:
    Level 5:
    Level 6:
       Many shops, a temple and an altar, some fountains.
    Level 7:
    Level 8:
    Level 9:
    Level 10: <- You were here.
       A fountain.
       Final resting place for
          you, killed by a gargoyle, while praying.


Vanquished creatures:
  4 shopkeepers
  a large mimic
  a giant beetle
  a lizard
  2 housecats
  2 gnome mummies
  2 snakes
  a human zombie
  a yellow light
  a shrieker
  a gnome leader
  a gnomish wizard
  a giant ant
  a little dog
  2 floating eyes
  a kitten
  2 dwarves
  a kobold leader
  2 kobold shamans
  a monkey
 an orc zombie
 an iguana
 an acid blob
  a gas spore
  a large kobold
  a giant rat
  7 gnomes
  5 geckos
  9 jackals
  a fox
  a goblin
  a sewer rat
  4 grid bugs
  5 lichens
  a kobold zombie
  5 newts
74 creatures vanquished.

No species were genocided or became extinct.

Game over:
                       ----------
                      /          \
                     /    REST    \
                    /      IN      \
                   /     PEACE      \
                  /                  \
                  |   Jamofthetoe    |
                  |      236 Au      |
                  |   killed by a    |
                  |     gargoyle     |
                  |                  |
                  |                  |
                  |       2026       |
                 *|     *  *  *      | *
        _________)/\\_//(\/(/\)/\//\/|_)_______

Farvel Jamofthetoe the Valkyrie...

You died in The Gnomish Mines on dungeon level 10 with 5905 points,
and 236 pieces of gold, after 3278 moves.
You were level 6 with a maximum of 67 hit points when you died.

